 Dungeon Crawl Stone Soup version 0.29-a0-322-g68df515428 (webtiles) character file.

Game seed: 16985188885431797865

317 funkygono the Firebug (level 6, -5/32 HPs)
             Began as a Gargoyle Fire Elementalist on Apr 8, 2022.
             Killed by divine providence
             ... invoked by an orc priest
              (10 damage)
             ... on level 4 of the Dungeon.
             The game lasted 00:04:14 (2977 turns).

funkygono the Firebug (Gargoyle Fire Elementalist)  Turns: 2977, Time: 00:04:14

Health: -5/32      AC:  8    Str: 12    XL:     6   Next: 45%
Magic:  1/12       EV: 16    Int: 17    God:
Gold:   275        SH:  5    Dex: 13    Spells: 7/13 levels left

rFire   . . .      SeeInvis +   e - +1 whip
rCold   . . .      Faith    .   (no shield)
rNeg    + . .      Spirit   .   v - +1 robe "Dolenuovo" {Regen+ Dex+3 SInv Archmagi}
rPois   ∞          Reflect  +   (no helmet)
rElec   +          Harm     .   B - +0 cloak
rCorr   .          Rampage  .   (no gloves)
Will    .....      Archmagi +   (no boots)
Stlth   ++........              y - amulet of reflection
HPRegen 0.90/turn               d - ring of flight
MPRegen 0.13/turn               s - +4 ring of evasion

@: flying
A: sickness immunity, AC +4, negative energy resistance 1, electricity
resistance, torment resistance 1, petrification resistance
a: no special abilities


You were on level 4 of the Dungeon.
You visited 1 branch of the dungeon, and saw 4 of its levels.

You collected 275 gold pieces.

Inventory:

Hand Weapons
 e - a +1 whip (weapon)
 A - a +3 quarterstaff of chaos
Missiles
 f - 51 stones
Armour
 a - a +0 robe
 v - the +1 robe "Dolenuovo" (worn) {Regen+ Dex+3 SInv Archmagi}
   (You found it on level 3 of the Dungeon)

   Dex:       It affects your dexterity (+3).
   SInv:      It lets you see invisible.
   Regen:     It increases your rate of health regeneration.
   Archmagi:  It increases the power of your magical spells.
 B - a +0 cloak (worn)
Magical Staves
 p - a staff of poison
Jewellery
 d - a ring of flight (left hand)
 s - a +4 ring of evasion (right hand)
 y - an amulet of reflection (around neck)
Wands
 z - a wand of digging (8)
Scrolls
 c - a scroll of amnesia
 g - a scroll of identify
 j - a scroll of teleportation
 k - a scroll of immolation {unknown}
Potions
 b - 3 potions of magic
 h - a potion of lignification
 i - 4 potions of curing
 m - a potion of attraction {unknown}
 n - a potion of berserk rage {unknown}
 q - 2 potions of flight
 u - a potion of brilliance {unknown}


   Skills:
 + Level 1.7 Dodging
 - Level 2.1 Stealth
 * Level 4.0 Spellcasting
 * Level 2.8 Conjurations
 * Level 5.1 Fire Magic


You had 7 spell levels left.
You knew the following spells:

 Your Spells              Type           Power      Damage    Failure   Level
a - Foxfire               Conj/Fire      100%       2x1d9     3%          1
b - Scorch                Fire           62%        2d8       3%          2
c - Conjure Flame         Conj/Fire      25%        6-21      9%          3

Your spell library contained the following spells:

 Spells                   Type           Power      Damage    Failure   Level
 Slow                     Hex            20%        N/A       16%         1
 Inner Flame              Hex/Fire       18%        N/A       16%         3
 Flame Wave               Conj/Fire      25%        2d7       30%         4
 Confusing Touch          Hex            5%         N/A       43%         3
 Summon Guardian Golem    Hex/Summ       5%         N/A       43%         3
 Vampiric Draining        Necr           5%         2d6       43%         3
 Orb of Destruction       Conj           9%         9d6       100%        7
 Spellforged Servitor     Conj/Summ      6%         N/A       100%        7


Dungeon Overview and Level Annotations

Branches:
Dungeon (4/15)
 Temple: D:4-7

Altars:
Dithmenos
Fedhas
Gozag
Makhleb
Nemelex Xobeh
Okawaru
Qazlal
Uskayaw

Shops:
D:1 !   D:4 *


Innate Abilities, Weirdness & Mutations

You are immune to sickness and miasma.
Your stone body is resilient. (AC +4)
You are immune to poison.
You resist negative energy. (rN+)
You are resistant to electric shocks. (rElec)
You are resistant to unholy torment.
You are immune to petrification.


Message History

The foxfire hits the orc.
You kill the orc!
An orc priest comes into view. It is wielding a +0 club.
Things that are here:
a +0 mace; 3 boomerangs; a +0 ring mail
Casting: Foxfire (safe; 3% risk of failure)
Confirm with . or Enter, or press ? or * to list all spells.
You feel a surge of power!
You conjure some foxfire!
An orc wizard comes into view. It is wielding a +0 dagger.
Casting: Foxfire (safe; 3% risk of failure)
Confirm with . or Enter, or press ? or * to list all spells.
You feel a surge of power!
You conjure some foxfire!
The foxfire hits the orc priest.
The orc priest is moderately wounded.
The foxfire hits the orc priest.
The orc priest is moderately wounded.
Casting: Foxfire (safe; 3% risk of failure)
Confirm with . or Enter, or press ? or * to list all spells.
You feel a surge of power!
You conjure some foxfire!
The foxfire hits the orc priest.
The orc priest is heavily wounded.
The foxfire hits the orc priest.
The orc priest is heavily wounded.
The foxfire hits the orc priest.
The orc priest is severely wounded.
The orc wizard gestures at you while chanting.
The puff of flame misses you.
The foxfire hits the orc priest but does no damage.
The orc priest is severely wounded.
The orc wizard casts a spell.
The orc wizard flickers and vanishes for a moment.
The orc priest calls down the wrath of Beogh upon you.
Beogh smites you!
Ouch! That really hurt!
The orc priest calls down the wrath of Beogh upon you.
Beogh smites you!
* * * LOW HITPOINT WARNING * * *
The orc priest calls down the wrath of Beogh upon you.
Beogh smites you!
You die...

#................
#................
##.........)......
................
###........)...
####.......)#'#.###'#
.....................
###.......#)........ .
#<#..@.....o........ ..
#..........o....)...
...#.....#'#..........##
........#.###.........
.........#...+........##.
#.####...#..##...#.....'.
#............+...+.....#
.#.......###.##...#.....#
.........###.......#....#.


You could see an orc priest and an orc wizard (invisible).

Vanquished Creatures
  Sigmund (D:3)
  Crazy Yiuf (D:3)
  An orc priest (D:4)
  An orc wizard (D:4)
  An adder (D:3)
  3 worms
  5 orcs (D:4)
  3 bats
  6 endoplasms
  3 giant cockroaches
  6 goblins
  A hobgoblin (D:4)
  2 jackals (D:4)
  5 kobolds
  2 quokkas
  4 ball pythons
  A frilled lizard (D:1)
  3 rats
49 creatures vanquished.

Vanquished Creatures (others)
  145 foxfires
  5 fungi (D:3)
150 creatures vanquished.

Grand Total: 199 creatures vanquished

Notes
Turn   | Place    | Note
-------+----------+-------------------------------------------
     0 | D:1      | funkygono the Gargoyle Fire Elementalist began the quest
                  | for the Orb.
     0 | D:1      | Reached XP level 1. HP: 10/10 MP: 3/3
   313 | D:1      | Reached XP level 2. HP: 15/15 MP: 0/5
   316 | D:1      | Learned a level 2 spell: Scorch
   400 | D:1      | Found Tynito's Distillery.
  1203 | D:2      | Reached XP level 3. HP: 19/19 MP: 0/6
  1601 | D:3      | Learned a level 3 spell: Conjure Flame
  1645 | D:3      | Found an iron altar of Okawaru.
  1653 | D:3      | Found a stormy altar of Qazlal.
  1654 | D:3      | Found a blossoming altar of Fedhas.
  1654 | D:3      | Found a hide-covered altar of Uskayaw.
  1655 | D:3      | Found a sparkling altar of Nemelex Xobeh.
  1655 | D:3      | Found an opulent altar of Gozag.
  1655 | D:3      | Found a shadowy altar of Dithmenos.
  1655 | D:3      | Found a burning altar of Makhleb.
  1655 | D:3      | Noticed Sigmund
  1677 | D:3      | Killed Sigmund
  1678 | D:3      | Reached skill level 4 in Fire Magic
  1678 | D:3      | Reached XP level 4. HP: 15/24 MP: 1/9
  1678 | D:3      | Reached XP level 5. HP: 18/28 MP: 1/10
  1890 | D:3      | Found a faded altar of an unknown god.
  1917 | D:3      | Identified the +1 robe "Dolenuovo" {Regen+ Dex+3 SInv
                  | Archmagi}
  2576 | D:3      | Found a runed translucent door.
  2577 | D:3      | Noticed Crazy Yiuf
  2582 | D:3      | Killed Crazy Yiuf
  2583 | D:3      | Reached XP level 6. HP: 26/32 MP: 6/11
  2896 | D:4      | Found Nops's Assorted Antiques.
  2941 | D:4      | Reached skill level 5 in Fire Magic
  2977 | D:4      | Killed from afar by an orc priest

Illustrated notes

Levels and vault maps discovered:
D:1:      roderic_crossed_star, layout_basic, serial_shops, shop,
          minmay_tromino_i2
D:2:      layout_basic
D:3:      layout_loops_ring, grunt_temple_overflow_open,
          ebering_ecumenical_altar_sacrificial, uniq_sigmund,
          uniq_crazy_yiuf_cottage
D:4:      layout_basic, serial_shops, nicolae_shop_statue_plus, shop,
          eino_curves_03

Skill      XL: |  1  2  3  4  5  6 |
---------------+-------------------+-----
Spellcasting   | 3 4 |  4.0
Conjurations   | 2 |  2.8
Fire Magic     | 4 5 |  5.1
Dodging        | |  1.7
Stealth        | |  2.1

Action                   |  1- 3 |  4- 6 || total
-------------------------+-------+-------++-------
Melee: Whip              |     1 |    14 ||    15
 Cast: Foxfire           |    44 |    42 ||    86
       Scorch            |     2 |     5 ||     7
  Use: Scroll            |       |    13 ||    13
Armor: Robe              |     7 |     2 ||     9
Dodge: Dodged            |    14 |     6 ||    20
Block: Other             |       |     1 ||     1
       Reflection        |       |     1 ||     1

Table legend: (Time is in decaauts)
 A = Elapsed time spent in this place.
 B = Non-inter-level travel time spent in this place.
 C = Inter-level travel time spent in this place.
 D = Time resting spent in this place.
 E = Time spent auto-exploring this place.
 F = Levels seen in this place.
 G = Mean time per level.
                   A        B        C        D        E       F      G
               +--------+--------+--------+--------+--------+-----+--------+
         Total |   2976 |   2924 |     52 |     19 |   2489 |   4 |  744.0 |
       Dungeon |   2976 |   2924 |     52 |     19 |   2489 |   4 |  744.0 |
               +--------+--------+--------+--------+--------+-----+--------+

Top non-repeatable levels by time:
     D:3: 1034 daAuts
     D:2: 910 daAuts
     D:1: 684 daAuts
     D:4: 347 daAuts
